 Dungeon Crawl Stone Soup version 0.23.2 (webtiles) character file.

Game seed: 1276237209651736723

11461 Illumine the Jinx (level 11, -10/64 HPs)
             Began as a Deep Elf Enchanter on Oct 18, 2019.
             Was a Priest of Sif Muna.
             Mangled by a komodo dragon (29 damage)
             ... on level 4 of the Lair of Beasts.
             The game lasted 01:01:28 (16045 turns).

Illumine the Jinx (Deep Elf Enchanter)             Turns: 16045, Time: 01:01:29

Health: -10/64     AC:  7    Str:  8    XL:     11   Next: 49%
Magic:  17/33      EV: 19    Int: 30    God:    Sif Muna [***...]
Gold:   410        SH:  0    Dex: 18    Spells: 11/30 levels left

rFire    . . .     SeeInvis .   t - +6 Majin-Bo {vamp, Archmagi MP+6 Int+6}
rCold    . . .     Gourm    .   (shield currently unavailable)
rNeg     + . .     Faith    .   G - +0 robe of Nockel {MR+ Str+3}
rPois    .         Spirit   .   s - +2 hat
rElec    .         Reflect  .   J - +1 cloak
rCorr    .         Harm     .   g - +0 pair of gloves
MR       ++...                  (no boots)
Stlth    +++.......             y - amulet of the acrobat
HPRegen  0.20/turn              o - ring of positive energy
MPRegen  0.23/turn              w - +3 ring of dexterity

@: divine energy
A: no striking features
a: Stop Divine Energy, Channel Magic, Renounce Religion


You were on level 4 of the Lair of Beasts.
You worshipped Sif Muna.
Sif Muna was most pleased with you.
You were not hungry.

You visited 3 branches of the dungeon, and saw 16 of its levels.

You collected 518 gold pieces.
You spent 108 gold pieces at shops.

Inventory:

Hand Weapons
 a - a +2 dagger
 p - a +0 short sword
 t - the +6 Majin-Bo (weapon) {vamp, Archmagi MP+6 Int+6}
   (You found it on level 8 of the Dungeon)

   It inflicts no extra harm, but heals its wielder when it wounds a living foe.
   It affects your intelligence (+6).
   It affects your magic capacity (+6).
Missiles
 u - 2 throwing nets
 F - 3 poisoned tomahawks (quivered)
Armour
 g - a +0 pair of gloves (worn)
 s - a +2 hat (worn)
 G - the +0 robe of Nockel (worn) {MR+ Str+3}
   (You bought it in a shop on level 7 of the Dungeon)

   It affects your strength (+3).
   It affects your resistance to hostile enchantments.
 J - a +1 cloak (worn)
 M - a +0 buckler
Jewellery
 l - an uncursed ring of protection from magic
 o - a ring of positive energy (left hand)
 w - a +3 ring of dexterity (right hand)
 y - an amulet of the acrobat (around neck)
 H - an uncursed ring of protection from magic
Wands
 b - a wand of disintegration (14)
 c - a wand of clouds (8)
 B - a wand of paralysis (7)
 K - a wand of acid (18)
 N - a wand of polymorph (9)
 O - a wand of flame (13)
Scrolls
 e - a scroll of summoning {unknown}
 f - a scroll of magic mapping
 h - 2 scrolls of fog
 v - 5 scrolls of remove curse
 x - 3 scrolls of blinking {unknown}
 z - 3 scrolls of enchant armour {unknown}
 C - 3 scrolls of fear {unknown}
 E - 6 scrolls of teleportation
 Q - a scroll of enchant weapon
 R - a scroll of amnesia {unknown}
Potions
 i - 2 potions of magic
 j - 7 potions of curing
 k - 3 potions of heal wounds
 m - 3 potions of brilliance
 n - a potion of ambrosia
 q - a potion of lignification {unknown}
 r - a potion of mutation {unknown}
 A - 2 potions of resistance
 D - 2 potions of invisibility
 I - a potion of might {unknown}
 L - a potion of agility {unknown}
 T - 2 potions of degeneration {unknown}
Miscellaneous
 S - a box of beasts
Comestibles
 d - 8 rations


   Skills:
 + Level 5.7 Fighting
 - Level 2.0 Short Blades
 + Level 4.7 Staves
 + Level 9.2 Dodging
 - Level 4.0 Stealth
 + Level 10.1 Spellcasting
 + Level 7.5 Conjurations
 + Level 10.3 Hexes
 + Level 6.5 Charms
 + Level 5.6 Invocations


You had 11 spell levels left.
You knew the following spells:

 Your Spells              Type           Power        Failure   Level  Hunger
a - Corona                Hex            #######      1%          1    None
b - Ensorcelled Hibernat  Hex/Ice        ######       1%          2    None
c - Confuse               Hex            #######.     1%          3    None
d - Tukima's Dance        Hex            #######.     1%          3    None
e - Dazzling Spray        Conj/Hex       ######       1%          3    None
f - Apportation           Tloc           ###...       3%          1    None
g - Regeneration          Chrm/Necr      ######....   2%          3    None
h - Gell's Gravitas       Tloc           ###.......   11%         3    None

Your spell library contained the following spells:

 Spells                   Type           Power        Failure   Level  Hunger
 Confusing Touch          Hex            ######       1%          1    None
 Magic Dart               Conj           ####         1%          1    None
 Slow                     Hex            #######.     1%          2    None
 Conjure Flame            Conj/Fire      ######..     2%          3    None
 Animate Skeleton         Necr           N/A          3%          1    None
 Pain                     Necr           ###.         3%          1    None
 Summon Small Mammal      Summ           ###.         3%          1    None
 Mephitic Cloud           Conj/Pois/Air  #####...     3%          3    None
 Blink                    Tloc           N/A          5%          2    None
 Call Imp                 Summ           ###.....     5%          2    None
 Vampiric Draining        Necr           ###.......   11%         3    None
 Metabolic Englaciation   Hex/Ice        ######....   12%         5    ###....
 Yara's Violent Unravell  Hex/Tmut       ######....   12%         5    ###....
 Animate Dead             Necr           N/A          34%         4    None
 Petrify                  Tmut/Erth      ###.....     34%         4    None


Dungeon Overview and Level Annotations

Branches:
Dungeon (11/15)            Temple (1/1) D:7            Lair (4/6) D:9
  Swamp: Lair:2-4    Shoals: Lair:2-4     Snake: Lair:2-4    Spider: Lair:2-4
    Orc: D:9-12

Altars:
Ashenzari
Cheibriados
Dithmenos
Elyvilon
Fedhas
Gozag
Hepliaklqana
Kikubaaqudgha
Makhleb
Nemelex Xobeh
Okawaru
Qazlal
Ru
Sif Muna
Uskayaw
Vehumet
Wu Jian
Xom
Yredelemnul
Zin
The Shining One

Shops:
D:4 }   D:7 [   D:9 [

Portals:
Ice
Cave: Lair:4

Annotations:
D:3 2 transporters, InnerFear's ghost, amateur DEFE
D:5 2 runed translucent doors, Illumine's ghost, novice MiFi
D:10 1 runed translucent door, FireSwallow's ghost, novice FeVM


Message History

Casting: Dazzling Spray (safe; 1% risk of failure)
Confirm with . or Enter, or press ? or * to list all spells.
Aiming: Gell's Gravitas (safe; 11% risk of failure)
Press: ? - help, Dir - move target cursor, f/p - rime drake
Aim: a rime drake (moderately wounded, blind, hasn't noticed you)
You feel a surge of power!
Gravity reorients around the rime drake.
The rime drake hisses angrily.
The ice beast collides with the rime drake!
The ice beast collides with the ice beast!
The komodo dragon collides with the ice beast!
The rime drake hisses angrily.
The komodo dragon bites you!!
* * * LOW HITPOINT WARNING * * *
The ice beast hits you but does no damage.
The ice beast closely misses you.
Unknown command.
The rime drake bites the fungus!
The ice beast closely misses you. The ice beast barely misses you.
The komodo dragon bites you!!
You die...

.P ...#....#
........ # .......
.### ....%
...#..### ....
......Y...### #..
k..Y....YYl@.#
.#.#..YY.(...YkYY.#
$.<.# ∩...P...##
.......Y........##
................
......#..#......
.......###.#....
....F....####...
........##


You could see a komodo dragon, a rime drake (blind) and 6 ice beasts.

Vanquished Creatures
  A hydra (Lair:2)
  2 black mambas (Lair:2)
  3 spiny frogs
  2 komodo dragons
  4 hippogriffs
  Sigmund (D:6)
  A spriggan (D:7)
  11 yaks
  4 water moccasins
  2 porcupines
  4 ice beasts
  3 sky beasts
  3 black bears
  An ogre (D:6)
  2 centaurs (D:5)
  2 crocodiles (Lair:2)
  5 wolves (Lair:3)
  10 bullfrogs
  3 scorpions
  13 killer bees
  A howler monkey (D:8)
  4 crimson imps
  A quasit (D:9)
  A centaur zombie (D:6)
  A jelly (D:6)
  5 hounds
  5 orc priests
  A centaur skeleton (D:11)
  9 orc wizards
  Ijyb (D:5)
  A bullfrog skeleton (D:4)
  An iguana (D:4)
  4 worker ants
  A worker ant zombie (D:5)
  11 adders
  A shadow imp (D:7)
  2 oozes
  An adder zombie (D:7)
  2 worms
  32 orcs
  10 bats
  6 giant cockroaches
  8 goblins
  11 hobgoblins
  6 quokkas
  2 ball pythons
  2 frilled lizards
  10 kobolds
  A leopard gecko skeleton (D:5)
  A quokka skeleton (D:7)
  A quokka zombie (D:6)
  6 rats
226 creatures vanquished.

Vanquished Creatures (collateral kills)
  Harold (D:8)
  A two-headed ogre (D:10)
  Psyche (D:9)
  An orc warrior (D:9)
  A centaur (D:10)
  5 ogres
  A crimson imp (D:8)
  A quasit (D:8)
12 creatures vanquished.

Vanquished Creatures (others)
  A dancing weapon (D:6)
  3 fungi
  A plant (Lair:1)
5 creatures vanquished.

Grand Total: 243 creatures vanquished

Notes
Turn   | Place    | Note
-------+----------+-------------------------------------------
     0 | D:1      | Illumine the Deep Elf Enchanter began the quest for the
                  | Orb.
     0 | D:1      | Reached XP level 1. HP: 10/10 MP: 6/6
   494 | D:1      | Reached XP level 2. HP: 15/15 MP: 6/8
   534 | D:1      | Learned a level 2 spell: Ensorcelled Hibernation
  1340 | D:2      | Reached XP level 3. HP: 19/19 MP: 7/10
  1436 | D:2      | Learned a level 3 spell: Confuse
  1440 | D:2      | Learned a level 3 spell: Tukima's Dance
  1880 | D:3      | Reached XP level 4. HP: 24/24 MP: 6/11
  2061 | D:3      | Found a transporter.
  2112 | D:3      | Found a transporter.
  2172 | D:3      | Noticed InnerFear's ghost (amateur DEFE)
  2566 | D:3      | Reached skill level 5 in Hexes
  2725 | D:3      | Noticed a +0 dagger
  2726 | D:3      | Noticed a +0 dagger
  2773 | D:3      | Found a hide-covered altar of Uskayaw.
  3243 | D:4      | Found a snail-covered altar of Cheibriados.
  3267 | D:4      | Reached XP level 5. HP: 22/28 MP: 2/13
  3350 | D:4      | Learned a level 3 spell: Dazzling Spray
  3766 | D:4      | Found an ancient bone altar of Kikubaaqudgha.
  3767 | D:4      | Found a blossoming altar of Fedhas.
  3783 | D:4      | Found a burning altar of Makhleb.
  3831 | D:4      | Reached skill level 1 in Conjurations
  4055 | D:4      | Found Loan's Gadget Shop.
  4122 | D:4      | Reached skill level 1 in Fighting
  4122 | D:4      | Reached XP level 6. HP: 34/34 MP: 9/15
  4398 | D:5      | Entered Level 5 of the Dungeon
  4416 | D:5      | Found a sacrificial altar of Ru.
  4425 | D:5      | Reached skill level 5 in Spellcasting
  4512 | D:5      | Noticed an ice beast
  4701 | D:5      | Found a blossoming altar of Fedhas.
  4791 | D:5      | Found a large runed translucent door.
  4801 | D:5      | Found a large runed translucent door.
  4812 | D:5      | Found an opulent altar of Gozag.
  4813 | D:5      | Noticed Ijyb
  4821 | D:5      | Killed Ijyb
  4959 | D:5      | Found a burning altar of Makhleb.
  4961 | D:5      | Noticed an ice beast
  5283 | D:7      | Found Kic Oxkucu's Antique Armour Shoppe.
  5295 | D:7      | Reached XP level 7. HP: 38/39 MP: 6/17
  5318 | D:7      | Bought a smoking robe for 108 gold pieces
  5318 | D:7      | Identified the +0 robe of Nockel {MR+ Str+3} (You bought it
                  | in a shop on level 7 of the Dungeon)
  5410 | D:7      | Noticed a hippogriff
  5606 | D:6      | Reached skill level 5 in Dodging
  5735 | D:6      | Noticed Sigmund
  6033 | D:5      | Noticed Illumine's ghost (novice MiFi)
  6280 | D:5      | Learned a level 1 spell: Apportation
  6499 | D:5      | Found an opulent altar of Gozag.
  6529 | D:5      | Reached XP level 8. HP: 12/45 MP: 3/19
  7021 | D:6      | Killed Sigmund
  7681 | D:6      | Found a glowing golden altar of the Shining One.
  7837 | D:7      | Found a staircase to the Ecumenical Temple.
  7849 | Temple   | Entered the Ecumenical Temple
  7939 | Temple   | Became a worshipper of Sif Muna the Loreminder
  8557 | D:7      | Noticed a hippogriff
  8567 | D:7      | Killed a hippogriff
  8567 | D:7      | Reached skill level 1 in Invocations
  8567 | D:7      | Reached XP level 9. HP: 52/52 MP: 1/22
  8728 | D:7      | Reached skill level 5 in Conjurations
  8936 | D:7      | Found a shattered altar of Ashenzari.
  8970 | D:8      | Noticed Harold
  9036 | D:8      | Found the +6 Majin-Bo {vamp, Archmagi MP+6 Int+6}
  9171 | D:8      | Learned a level 3 spell: Regeneration
  9412 | D:8      | Reached * piety under Sif Muna
  9827 | D:8      | Reached skill level 1 in Charms
  9886 | D:8      | Reached skill level 1 in Staves
 10028 | D:8      | Killed Harold
 10404 | D:9      | Found Zomot's Antique Armour Shoppe.
 10565 | D:9      | Noticed a death yak
 10565 | D:9      | Noticed a death yak
 10567 | D:9      | Found a staircase to the Lair.
 10567 | D:9      | Noticed Psyche
 11213 | D:9      | Killed Psyche
 11218 | D:9      | Reached XP level 10. HP: 43/58 MP: 13/24
 11369 | D:9      | Noticed a death yak
 11421 | D:10     | Entered Level 10 of the Dungeon
 11468 | D:10     | Reached ** piety under Sif Muna
 11614 | D:10     | Learned a level 3 spell: Gell's Gravitas
 11639 | D:10     | Found a runed translucent door.
 11641 | D:10     | Noticed FireSwallow's ghost (novice FeVM)
 11644 | D:10     | Noticed a two-headed ogre
 11651 | D:10     | Killed a two-headed ogre
 12759 | Lair:1   | Entered Level 1 of the Lair of Beasts
 12794 | Lair:1   | Reached skill level 5 in Fighting
 12912 | Lair:1   | Noticed a spiny frog
 12926 | Lair:1   | Killed a spiny frog
 13234 | Lair:2   | Noticed a black mamba
 13239 | Lair:2   | Noticed a five-headed hydra
 13258 | Lair:2   | Killed a five-headed hydra
 13258 | Lair:2   | Reached skill level 5 in Charms
 13427 | Lair:2   | Killed a black mamba
 13787 | Lair:2   | Noticed a black mamba
 13796 | Lair:2   | Killed a black mamba
 13796 | Lair:2   | Reached XP level 11. HP: 46/64 MP: 11/26
 14059 | Lair:2   | Reached skill level 10 in Hexes
 14059 | Lair:2   | Reached skill level 5 in Invocations
 14985 | Lair:3   | Reached *** piety under Sif Muna
 15503 | Lair:3   | Reached skill level 10 in Spellcasting
 16034 | Lair:4   | Found a frozen archway.
 16045 | Lair:4   | Mangled by a komodo dragon

Skill      XL: |  1  2  3  4  5  6  7  8  9 10 11 |
---------------+----------------------------------+-----
Stealth        | 4 |  4.0
Dodging        | 3 4 5 6 7 8 9 |  9.2
Spellcasting   | 4 5 6 7 8 9 10 | 10.1
Hexes          | 5 6 7 8 9 10 | 10.3
Short Blades   | 2 |  2.0
Conjurations   | 1 2 3 4 5 6 7 |  7.5
Fighting       | 1 2 3 4 5 |  5.7
Invocations    | 1 3 4 5 |  5.6
Charms         | 3 5 6 |  6.5
Staves         | 2 4 |  4.7

Action                   |  1- 3 |  4- 6 |  7- 9 | 10-12 || total
-------------------------+-------+-------+-------+-------++-------
Melee: Dagger            |    66 |   161 |   100 |       ||   327
       Quarterstaff      |       |       |    26 |   153 ||   179
Throw: Stone             |    14 |     1 |       |       ||    15
       Tomahawk          |       |       |     2 |     6 ||     8
 Cast: Corona            |    11 |     1 |     5 |     4 ||    21
       Ensorcelled Hiber |    19 |    51 |    38 |     1 ||   109
       Confuse           |       |     7 |    45 |    54 ||   106
       Dazzling Spray    |       |     5 |    73 |   149 ||   227
       Tukima's Dance    |       |     2 |    11 |     3 ||    16
       Regeneration      |       |       |     2 |     7 ||     9
       Gell's Gravitas   |       |       |       |     1 ||     1
Invok: Divine Energy     |       |       |     1 |       ||     1
Evoke: Wand              |       |       |       |     1 ||     1
  Use: Scroll            |       |     3 |    13 |       ||    16
       Potion            |       |       |     1 |       ||     1
 Stab: Sleeping          |    19 |    34 |    26 |     3 ||    82
       Confused          |       |     5 |    14 |    14 ||    33
       Paralysed         |       |     1 |       |       ||     1
       Invisible         |       |       |     3 |     6 ||     9
       Distracted        |       |       |       |     1 ||     1
  Eat: Chunk             |     3 |     8 |     5 |     3 ||    19
       Ration            |       |     2 |     5 |     4 ||    11
Armor: Robe              |    15 |    31 |    12 |    38 ||    96
Dodge: Dodged            |    41 |   106 |   134 |   195 ||   476
